 Dungeon Crawl Stone Soup version 0.29.0-4-gdea44cf6ec (webtiles) character file.

Game seed: 4322835100546325444

109 qw the Chopper (level 4, -2/26 HPs)
             Began as a Tengu Warper on Aug 28, 2022.
             Slain by a gnoll
             ... wielding a +0 halberd
              (9 damage)
             ... on level 3 of the Dungeon.
             The game lasted 00:00:14 (2385 turns).

qw the Chopper (Tengu Warper)                       Turns: 2385, Time: 00:00:14

Health: -2/26      AC:  5    Str: 13    XL:     4   Next: 89%
Magic:  8/8        EV: 11    Int: 13    God:
Gold:   92         SH:  0    Dex: 14    Spells: 7/7 levels left

rFire   . . .      SeeInvis .   Y - +2 war axe
rCold   + . .      Faith    .   (no shield)
rNeg    . . .      Spirit   .   d - +0 ring mail
rPois   .          Reflect  .   (helmet restricted)
rElec   .          Harm     .   (no cloak)
rCorr   .          Rampage  .   (no gloves)
Will    .....                   (boots unavailable)
Stlth   +.........              (no amulet)
HPRegen 0.08/turn               e - ring of protection from cold
MPRegen 0.11/turn               (no ring)

@: no status effects
A: beak, talons 3
a: no special abilities


You were on level 3 of the Dungeon.
You visited 1 branch of the dungeon, and saw 3 of its levels.

You collected 92 gold pieces.


Innate Abilities, Weirdness & Mutations

You have a beak for a mouth.
You have claws for feet.


   Skills:
 - Level 2.0 Fighting
 + Level 5.4 Axes
 - Level 1.0 Throwing
 - Level 1.1 Armour
 - Level 2.1 Dodging
 - Level 2.0 Spellcasting
 - Level 2.4 Translocations


You had 7 spell levels left.
You didn't know any spells.
Your spell library contained the following spells:

 Spells                   Type           Power      Damage    Failure   Level
 Blink                    Tloc           14%        N/A       30%         2
 Gell's Gravitas          Tloc           7%         N/A       52%         3
 Lesser Beckoning         Tloc           7%         N/A       52%         3
 Teleport Other           Tloc           7%         N/A       52%         3
 Manifold Assault         Tloc           7%         N/A       99%         5

Inventory:

Hand Weapons
 k - a +0 whip
 Y - a +2 war axe (weapon)
Missiles
 n - 2 boomerangs (quivered)
Armour
 d - a +0 ring mail (worn)
 i - a +0 buckler
Jewellery
 e - a ring of protection from cold (left hand)
 h - a ring of ice
 l - the ring "Oguskec" {Fire Dex+2}
   (You found it on level 3 of the Dungeon)

   [ring of fire]

   It enhances your fire magic.
   Dex:       It affects your dexterity (+2).
   rF:        It protects you from fire.
   rC:        It makes you vulnerable to cold.
Scrolls
 m - a scroll of identify
Potions
 a - a potion of attraction {unknown}
 b - a potion of heal wounds {unknown}
 c - a potion of brilliance {unknown}
 f - a potion of might
 g - a potion of haste
 j - a potion of curing {unknown}

Dungeon Overview and Level Annotations

Branches:
Dungeon (3/15)

Altars:
Yredelemnul

Shops:
D:1 *


Message History

There is a stone staircase leading down here.
Things that are here:
a +0 club; 8 poisoned darts; a kobold corpse You open the door.
There is an open door here.
l - the ring "Oguskec" {Fire Dex+2}
Enter note: A gnoll comes into view. It is wielding a +0 club.
The gnoll shouts!
A gnoll comes into view. It is wielding a +0 flail.
The gnoll moves out of view.
Enter note:
2374 ||| Stepping ~*~*~tactically~*~*~ (stealth).
Found a scroll labelled QOJYOW RENETA. 2 gnolls come into view.
The gnoll shouts! x2
2376 ||| Stepping ~*~*~tactically~*~*~ (hiding).
You barely miss the gnoll. The gnoll barely misses you.
2379 ||| Stepping ~*~*~tactically~*~*~ (hiding).
The gnoll attacks as you move away! The gnoll closely misses you.
You hit the gnoll. Your kick misses the gnoll.
The gnoll is moderately wounded.
The gnoll hits you with a +0 club. x2
You slash the gnoll! Your kick misses the gnoll.
You peck the gnoll, but do no damage.
The gnoll is almost dead.
The gnoll barely misses you.
You barely miss the gnoll.
The gnoll is almost dead.
The gnoll hits you with a +0 club.
You barely miss the gnoll. You claw the gnoll.
You kill the gnoll!
You hit the gnoll. Your kick misses the gnoll. You peck the gnoll.
The gnoll is heavily wounded.
The gnoll closely misses you. The gnoll hits you with a +0 flail.
You hit the gnoll. You claw the gnoll.
You kill the gnoll!
The gnoll hits you from afar with a +0 halberd! x2
You die...

..# #g.#
##.g.# #g.
.# #.. .#
#.# .#
#.###g##.#
#.....)@.#
.?.####.#.##
###....##
+.......#
###....##
#.#.## #.###
#..# #+#
##.#


You could see a gnoll.

Vanquished Creatures
  2 gnolls (D:3)
  4 adders (D:2)
  4 dart slugs
  3 orcs (D:3)
  6 ball pythons
  2 bats (D:2)
  4 endoplasms
  4 giant cockroaches
  3 hobgoblins
  2 quokkas (D:1)
  4 frilled lizards
  4 goblins
  7 kobolds
  6 rats
55 creatures vanquished.

Vanquished Creatures (others)
  5 fungi (D:2)
  7 plants (D:2)
12 creatures vanquished.

Grand Total: 67 creatures vanquished

Notes
Turn   | Place    | Note
-------+----------+-------------------------------------------
     0 | D:1      | qw the Tengu Warper began the quest for the Orb.
     0 | D:1      | Reached XP level 1. HP: 12/12 MP: 4/4
     0 | D:1      | 0 ||| qw: Version: 0.1-a-89-g26bdef1
     0 | D:1      | 0 ||| qw: Game counter: 1272
     0 | D:1      | 0 ||| qw: Always use a shield: true
     0 | D:1      | 0 ||| qw: God list: Okawaru
     0 | D:1      | 0 ||| qw: Allow faded altars: false
     0 | D:1      | 0 ||| qw: Do Orc after D:15 true
     0 | D:1      | 0 ||| qw: Do second Lair branch before Depths: true
     0 | D:1      | 0 ||| qw: Lair rune preference: random
     0 | D:1      | 0 ||| qw: Plans: Normal
     0 | D:1      | 0 ||| PLANNING D:1-11
   109 | D:1      | 109 ||| SWAPPING to +0 war axe.
   110 | D:1      | 110 ||| DROPPING +0 hand axe.
   426 | D:1      | Reached XP level 2. HP: 14/17 MP: 6/6
   484 | D:1      | Reached skill level 3 in Axes
   666 | D:1      | Found Ipocwot's Assorted Antiques.
   674 | D:1      | 674 ||| SHOPLISTING orange potion (17 gold, have 16).
   674 | D:1      | 674 ||| SHOPLISTING runed ring mail (133 gold, have 16).
   674 | D:1      | 674 ||| SHOPLISTING runed robe (70 gold, have 16).
   674 | D:1      | 674 ||| SHOPLISTING scroll labelled DUVEPP WOTY (19 gold,
                  | have 16).
   674 | D:1      | 674 ||| SHOPLISTING scroll labelled IKHLIH QUFFU (19 gold,
                  | have 16).
   674 | D:1      | 674 ||| SHOPLISTING scroll labelled MEAKKUAMEY (19 gold,
                  | have 16).
   876 | D:1      | 876 ||| UPGRADING to ring of protection from cold.
   877 | D:1      | 877 ||| READING 2 scrolls labelled VIBLAZX SUXTI.
   878 | D:1      | 878 ||| READING scroll of enchant weapon.
   878 | D:1      | 878 ||| ENCHANTING +1 war axe.
   879 | D:1      | 879 ||| READING scroll labelled MEAKKUAMEY.
   880 | D:1      | 880 ||| READING scroll labelled MISHRE XABIO.
   981 | D:1      | 981 ||| DROPPING scroll of blinking.
  1121 | D:2      | Reached XP level 3. HP: 21/21 MP: 7/7
  1136 | D:2      | Reached skill level 4 in Axes
  1297 | D:2      | Found a faded altar of an unknown god.
  1298 | D:2      | 1298 ||| Stepping ~*~*~tactically~*~*~ (hiding).
  1358 | D:2      | 1358 ||| Stepping ~*~*~tactically~*~*~ (stealth).
  1381 | D:2      | Reached XP level 4. HP: 26/26 MP: 8/8
  1637 | D:2      | 1637 ||| Stepping ~*~*~tactically~*~*~ (stealth).
  1761 | D:2      | 1761 ||| UPGRADING to +0 ring mail.
  1771 | D:2      | 1771 ||| DROPPING +0 leather armour.
  1772 | D:2      | 1772 ||| READING scroll labelled COOGINIEMU.
  1773 | D:2      | 1773 ||| READING scroll labelled HEEFOYW ZAITT.
  1776 | D:2      | 1776 ||| READING 2 scrolls labelled IKHLIH QUFFU.
  1777 | D:2      | 1777 ||| READING scroll labelled SEJOIP ZAB.
  1778 | D:2      | 1778 ||| READING 3 scrolls of identify.
  1778 | D:2      | 1778 ||| IDENTIFYING ruby potion
  1779 | D:2      | 1779 ||| READING 2 scrolls of identify.
  1779 | D:2      | 1779 ||| IDENTIFYING inky potion
  1780 | D:2      | 1780 ||| DROPPING scroll of fog.
  1899 | D:3      | Reached skill level 5 in Axes
  2021 | D:3      | Found a basalt altar of Yredelemnul.
  2121 | D:3      | 2121 ||| Stepping ~*~*~tactically~*~*~ (stealth).
  2130 | D:3      | 2130 ||| DROPPING +0 club.
  2167 | D:3      | 2167 ||| FLEEEEING.
  2171 | D:3      | 2171 ||| FLEEEEING.
  2172 | D:3      | 2172 ||| FLEEEEING.
  2173 | D:3      | 2173 ||| FLEEEEING.
  2174 | D:3      | 2174 ||| FLEEEEING.
  2175 | D:3      | 2175 ||| FLEEEEING.
  2176 | D:3      | 2176 ||| FLEEEEING.
  2177 | D:3      | 2177 ||| FLEEEEING.
  2178 | D:3      | 2178 ||| FLEEEEING.
  2179 | D:3      | 2179 ||| FLEEEEING.
  2180 | D:3      | 2180 ||| FLEEEEING.
  2181 | D:3      | 2181 ||| FLEEEEING.
  2182 | D:3      | 2182 ||| FLEEEEING.
  2183 | D:3      | 2183 ||| FLEEEEING.
  2184 | D:3      | 2184 ||| FLEEEEING.
  2185 | D:3      | 2185 ||| FLEEEEING.
  2187 | D:3      | 2187 ||| FLEEEEING.
  2188 | D:3      | 2188 ||| FLEEEEING.
  2189 | D:3      | 2189 ||| FLEEEEING.
  2191 | D:3      | 2191 ||| FLEEEEING.
  2193 | D:3      | 2193 ||| FLEEEEING.
  2194 | D:3      | 2194 ||| FLEEEEING.
  2195 | D:3      | 2195 ||| FLEEEEING.
  2196 | D:3      | 2196 ||| FLEEEEING.
  2198 | D:3      | 2198 ||| FLEEEEING.
  2199 | D:3      | 2199 ||| FLEEEEING.
  2200 | D:3      | 2200 ||| FLEEEEING.
  2201 | D:3      | 2201 ||| FLEEEEING.
  2202 | D:3      | 2202 ||| FLEEEEING.
  2203 | D:3      | 2203 ||| FLEEEEING.
  2204 | D:3      | 2204 ||| FLEEEEING.
  2205 | D:3      | 2205 ||| FLEEEEING.
  2206 | D:3      | 2206 ||| FLEEEEING.
  2207 | D:3      | 2207 ||| FLEEEEING.
  2208 | D:3      | 2208 ||| FLEEEEING.
  2209 | D:3      | 2209 ||| FLEEEEING.
  2210 | D:3      | 2210 ||| FLEEEEING.
  2212 | D:3      | 2212 ||| FLEEEEING.
  2213 | D:3      | 2213 ||| FLEEEEING.
  2214 | D:3      | 2214 ||| FLEEEEING.
  2215 | D:3      | 2215 ||| FLEEEEING.
  2216 | D:3      | 2216 ||| FLEEEEING.
  2217 | D:3      | 2217 ||| FLEEEEING.
  2349 | D:3      | Identified the ring "Oguskec" {Fire Dex+2}
  2374 | D:3      | 2374 ||| Stepping ~*~*~tactically~*~*~ (stealth).
  2376 | D:3      | 2376 ||| Stepping ~*~*~tactically~*~*~ (hiding).
  2379 | D:3      | 2379 ||| Stepping ~*~*~tactically~*~*~ (hiding).
  2385 | D:3      | Slain by a gnoll

Levels and vault maps discovered:
D:1:      matt_arrival_refuge, layout_loops_corners, serial_shops,
          nicolae_shop_trees
D:2:      layout_basic, shapermc_ecumenical_altar_mp_ritualfount
D:3:      layout_loops_corners, general_overflow_altar

Skill      XL: |  1  2  3  4 |
---------------+-------------+-----
Axes           | 3 4 5 |  5.4
Fighting       | |  2.0
Throwing       | |  1.0
Armour         | |  1.1
Dodging        | |  2.1
Spellcasting   | |  2.0
Translocations | |  2.4

Action                   |  1- 3 |  4- 6 || total
-------------------------+-------+-------++-------
Melee: War axe           |    39 |    38 ||    77
       Peck              |     5 |     5 ||    10
       Kick              |    10 |     9 ||    19
Throw: Boomerang         |     7 |    17 ||    24
  Use: Scroll            |     4 |     6 ||    10
Armor: Leather armour    |     6 |     4 ||    10
       Ring mail         |       |     2 ||     2
Dodge: Dodged            |    22 |    17 ||    39

Table legend:
 A = Non-vault XP
 B = Vault XP
 C = Vault XP percentage of total XP
 D = Non-vault monster count
 E = Vault monster count
 F = Vault count percentage of total count
                 A         B        C        D         E       F
            +---------+---------+-------+---------+---------+-------
      Total |     170 |       0 |   0.0 |      55 |       0 |   0.0
            +---------+---------+-------+---------+---------+-------
        D:1 |      20 |       0 |   0.0 |      14 |       0 |   0.0
        D:2 |      91 |       0 |   0.0 |      23 |       0 |   0.0
        D:3 |      59 |       0 |   0.0 |      18 |       0 |   0.0
            +---------+---------+-------+---------+---------+-------
